 Dungeon Crawl Stone Soup version 0.30-a0-219-gf2db51d15e (webtiles) character file.

Game seed: 6123355031048235587

241 KennySheep the Chiller (level 6, -2/43 HPs)
             Began as a Barachi Ice Elementalist on Oct 7, 2022.
             Slain by an ogre
             ... wielding a +0 giant club
              (18 damage)
             ... on level 3 of the Dungeon.
             The game lasted 00:08:17 (2342 turns).

KennySheep the Chiller (Barachi Ice Elementalist)   Turns: 2342, Time: 00:08:18

Health: -2/43      AC: 10    Str:  9    XL:     6   Next: 8%
Magic:  8/10       EV: 12    Int: 18    God:
Gold:   100        SH:  0    Dex: 12    Spells: 3/11 levels left

rFire   . . .      SeeInvis .    o - +1 dagger (protect)
rCold   . . .      Faith    .    (no shield)
rNeg    . . .      Spirit   .    a - +0 robe
rPois   .          Reflect  .    (no helmet)
rElec   .          Harm     .    k - +0 cloak
rCorr   .          Rampage  .    (no gloves)
Will    .....                    (no boots)
Stlth   ++........               (no amulet)
HPRegen 0.27/turn                (no ring)
MPRegen 0.12/turn                (no ring)

@: under a protective aura, unable to hop, freezing walls, slow
A: amphibious, slowness 1, strong legs 1, +LOS
a: Hop


You were on level 3 of the Dungeon.
You visited 1 branch of the dungeon, and saw 3 of its levels.

You collected 100 gold pieces.

Inventory:

Hand Weapons
 l - a +0 dagger
 o - a +1 dagger of protection (weapon)
Armour
 a - a +0 robe (worn)
 k - a +0 cloak (worn)
Wands
 g - a wand of roots (13)
 p - a wand of flame (10)
Scrolls
 c - a scroll of vulnerability {unknown}
 d - a scroll of enchant weapon {unknown}
 f - a scroll of amnesia {unknown}
 i - a scroll of magic mapping {unknown}
 j - 2 scrolls of identify {unknown}
 n - a scroll of summoning {unknown}
Potions
 e - a potion of curing {unknown}
 h - a potion of lignification {unknown}
 m - a potion of degeneration {unknown}


   Skills:
 - Level 1.4 Fighting
 - Level 2.5 Dodging
 - Level 1.7 Stealth
 + Level 3.2 Spellcasting
 * Level 3.9 Summonings
 * Level 6.4 Ice Magic


You had 3 spell levels left.
You knew the following spells:

 Your Spells              Type           Power      Damage    Failure   Level
a - Freeze                Ice            100%       1d11      1%          1
b - Frozen Ramparts       Ice            52%        1d8       3%          3
c - Summon Ice Beast      Ice/Summ       21%        N/A       19%         4

Your spell library contained the following spells:

 Spells                   Type           Power      Damage    Failure   Level
 Ozocubu's Armour         Ice            26%        N/A       3%          3
 Gell's Gravitas          Tloc           2%         N/A       43%         3
 Teleport Other           Tloc           2%         N/A       43%         3
 Dispersal                Tloc           1%         N/A       100%        6


Dungeon Overview and Level Annotations

Branches:
Dungeon (3/15)

Altars:
Trog

Shops:
D:1 :


Innate Abilities, Weirdness & Mutations

You are amphibious.
You cover ground slowly.
You can hop short distances.
You have an extended range of vision and can be seen from far away.


Message History

Aiming: Freeze (safe; 1% risk of failure)
Press: ? - help, Q - select action, (/) - cycle Shift-Dir - straight line, f - ogre
Aim: an ogre, wielding a +0 giant club You freeze the ogre.
The ogre is lightly wounded.
The wall freezes the ogre.
The ogre hits you with a +0 giant club!!
Ouch! That really hurt!
You don't have enough magic to cast this spell.
Unknown command.
Okay, then.
You barely miss the ogre.
The ogre is moderately wounded.
The frozen ramparts melt away.
The ogre closely misses you.
Hop to where?
Press: ? - help, Dir - move target, p - ogre Boing!
Magic courses through your body.
You see here a stone.
Found a stone staircase leading up.
Casting: Freeze (safe; 1% risk of failure)
Confirm with . or Enter, or press ? or * to list all spells.
Casting: Frozen Ramparts (dangerous; 3% risk of failure)
Press: ? - help, Dir - look around, f - activate The walls around you are covered in ice.
The wall freezes the ogre.
You hit the ogre but do no damage.
Your weapon exudes an aura of protection.
The ogre is moderately wounded.
The wall freezes the ogre.
The ogre barely misses you.
You hit the ogre.
The ogre is heavily wounded.
You barely miss the ogre.
The ogre is heavily wounded.
The wall freezes the ogre.
The ogre hits you with a +0 giant club.
You hit the ogre.
The ogre is heavily wounded.
The wall freezes the ogre.
The ogre hits you with a +0 giant club!!
You die...

#.. .#..# ...#
.#..# ...##
##..[#### #...#
#.......#
#.#.###).#....#
#...##))## ..#
#. #..<..## #
#...####...)#
#...@O....#
#..###?.#.# #<
...#<. #
#.####.# .. ..
#.. ### ##. ..
..


You could see an ogre.

Vanquished Creatures
  Natasha (thrice) (D:2)
  2 orc wizards (D:3)
  Robin (D:2)
  4 adders (D:2)
  A dart slug (D:1)
  4 orcs (D:3)
  3 bats (D:1)
  6 endoplasms
  2 giant cockroaches
  10 goblins
  10 hobgoblins
  3 quokkas
  2 ball pythons
  2 frilled lizards (D:1)
  5 kobolds
  9 rats
67 creatures vanquished.

Notes
Turn   | Place    | Note
-------+----------+-------------------------------------------
     0 | D:1      | KennySheep the Barachi Ice Elementalist began the quest for
                  | the Orb.
     0 | D:1      | Reached XP level 1. HP: 13/13 MP: 3/3
   137 | D:1      | Found a faded altar of an unknown god.
   143 | D:1      | Reached skill level 5 in Ice Magic
   143 | D:1      | Reached XP level 2. HP: 20/20 MP: 1/5
   300 | D:1      | Reached skill level 1 in Summonings
   550 | D:1      | Reached skill level 1 in Fighting
   742 | D:1      | Found Ofoot's Book Emporium.
   778 | D:1      | Reached XP level 3. HP: 22/26 MP: 2/6
   782 | D:1      | Learned a level 3 spell: Frozen Ramparts
  1412 | D:2      | Reached XP level 4. HP: 27/32 MP: 0/7
  1675 | D:2      | Learned a level 4 spell: Summon Ice Beast
  1755 | D:2      | Noticed Robin
  1761 | D:2      | Killed Robin
  1934 | D:2      | Found a bloodstained altar of Trog.
  1947 | D:2      | Noticed Natasha
  1956 | D:2      | Killed Natasha
  1957 | D:2      | Reached XP level 5. HP: 25/37 MP: 4/9
  2022 | D:2      | Noticed Natasha
  2030 | D:2      | Killed Natasha
  2031 | D:2      | Reached skill level 6 in Ice Magic
  2042 | D:2      | Noticed Natasha
  2048 | D:2      | Killed Natasha
  2321 | D:3      | Noticed an ogre
  2329 | D:3      | Reached XP level 6. HP: 43/43 MP: 1/10
  2342 | D:3      | Slain by an ogre

Illustrated notes

Levels and vault maps discovered:
D:1:      lightli_arrival_isolated_outpost, layout_loops_ring, serial_shops,
          shop, hellmonk_ecumenical_altar_lost_god, hex_medium,
          hangedman_decor_peaks_small
D:2:      layout_basic, basic_altar, uniq_robin, uniq_natasha
D:3:      layout_rooms, cheibriados_altar_1, grunt_qazlal_clouds

Skill      XL: |  1  2  3  4  5 |
---------------+----------------+-----
Ice Magic      | 5 6 |  6.4
Summonings     | 1 2 3 |  3.9
Fighting       | 1 |  1.4
Spellcasting   | 3 |  3.2
Dodging        | |  2.5
Stealth        | |  1.7

Action                   |  1- 3 |  4- 6 || total
-------------------------+-------+-------++-------
Melee: Unarmed           |    15 |    11 ||    26
       Dagger            |       |     6 ||     6
 Cast: Freeze            |    53 |    48 ||   101
       Frozen Ramparts   |       |     2 ||     2
 Abil: Hop               |       |     2 ||     2
  Use: Potion            |       |     1 ||     1
Armor: Robe              |    10 |     6 ||    16
Dodge: Dodged            |    35 |    31 ||    66

Table legend: (Time is in decaauts)
 A = Elapsed time spent in this place.
 B = Non-inter-level travel time spent in this place.
 C = Inter-level travel time spent in this place.
 D = Time resting spent in this place.
 E = Time spent auto-exploring this place.
 F = Levels seen in this place.
 G = Mean time per level.
                   A        B        C        D        E       F      G
               +--------+--------+--------+--------+--------+-----+--------+
         Total |   2613 |   2473 |    140 |    120 |   1859 |   3 |  871.0 |
       Dungeon |   2613 |   2473 |    140 |    120 |   1859 |   3 |  871.0 |
               +--------+--------+--------+--------+--------+-----+--------+

Top non-repeatable levels by time:
     D:1: 1475 daAuts
     D:2: 1112 daAuts
     D:3: 25 daAuts
